 Dungeon Crawl Stone Soup version 0.26.1-11-gd32895ea62 (webtiles) character file.

Game seed: 11923772174955556894

966 Tocho the Ogre Mage (level 8, -1/79 HPs)
             Began as an Ogre Air Elementalist on May 28, 2021.
             Killed by divine providence
             ... invoked by an orc priest
              (12 damage)
             ... on level 6 of the Dungeon on May 30, 2021.
             The game lasted 00:23:18 (9244 turns).

Tocho the Ogre Mage (Ogre Air Elementalist)         Turns: 9244, Time: 00:23:19

Health: -1/79      AC:  8    Str: 13    XL:     8   Next: 15%
Magic:  15/15      EV: 10    Int: 20    God:
Gold:   342        SH:  0    Dex:  9    Spells: 5/17 levels left

rFire    . . .     SeeInvis .   w - +0 giant spiked club
rCold    . . .     Faith    .   (shield currently unavailable)
rNeg     . . .     Spirit   .   c - +1 robe
rPois    .         Reflect  .   (helmet restricted)
rElec    .         Harm     .   d - scarf {repulsion}
rCorr    .         Rampage  .   (gloves unavailable)
Will     +....                  (boots unavailable)
Stlth    +.........             (no amulet)
HPRegen  0.23/turn              (no ring)
MPRegen  0.14/turn              s - +4 ring of protection

@: repel missiles
A: large, unfitting armour, blink, clever 1, strong-willed 1, tough skin 1
a: Blink


You were on level 6 of the Dungeon.
You visited 1 branch of the dungeon, and saw 6 of its levels.

You collected 342 gold pieces.

Inventory:

Hand Weapons
 h - a +0 dagger
 i - a +1 hand axe
 m - a +0 flail
 u - the +9 heavy crossbow "Sniper" {vorpal, Acc+∞ SInv}
   (You found it on level 5 of the Dungeon)

   Any bolt fired from it inflicts extra damage.
   It lets you see invisible.
 w - a +0 giant spiked club (weapon)
Missiles
 l - 8 boomerangs of dispersal
 v - 12 poisoned darts
 x - 45 bolts
Armour
 c - a +1 robe (worn)
 d - a scarf of repulsion (worn)
Jewellery
 s - a +4 ring of protection (right hand)
Wands
 k - a wand of iceblast (12)
 o - a wand of paralysis (8)
 z - a wand of acid (11)
Scrolls
 a - a scroll of remove curse
 b - a scroll of magic mapping {unknown}
 f - a scroll of fear
 j - 3 scrolls of amnesia
 r - 2 scrolls of blinking {unknown}
 y - a scroll of teleportation {unknown}
Potions
 e - a potion of degeneration {unknown}
 g - a potion of brilliance
 n - a potion of curing {unknown}
 p - 2 potions of haste {unknown}
 q - a potion of flight {unknown}
 t - a potion of berserk rage {unknown}


   Skills:
 * Level 4.9 Fighting
 + Level 2.1 Maces & Flails
 + Level 2.9 Dodging
 - Level 1.4 Stealth
 + Level 0.1 Unarmed Combat
 + Level 5.2 Spellcasting
 + Level 3.3 Conjurations
 + Level 0.3 Translocations
 + Level 4.8 Air Magic


You had 5 spell levels left.
You knew the following spells:

 Your Spells              Type           Power        Failure   Level
a - Shock                 Conj/Air       84%          1%          1
b - Swiftness             Air            24%          2%          2
c - Static Discharge      Conj/Air       21%          6%          3
d - Blink                 Tloc           N/A          16%         2
e - Summon Lightning Spi  Summ/Air       15%          38%         4

Your spell library contained the following spells:

 Spells                   Type           Power        Failure   Level
 Magic Dart               Conj           72%          3%          1
 Mephitic Cloud           Conj/Pois/Air  16%          11%         3
 Summon Small Mammal      Summ           20%          12%         1
 Airstrike                Air            12%          16%         4
 Call Imp                 Summ           5%           17%         2
 Slow                     Hex            5%           17%         2
 Conjure Flame            Conj/Fire      11%          17%         3
 Call Canine Familiar     Summ           5%           34%         3
 Summon Guardian Golem    Hex/Summ       5%           34%         3
 Lightning Bolt           Conj/Air       10%          50%         5
 Summon Ice Beast         Ice/Summ       5%           75%         4


Dungeon Overview and Level Annotations

Branches:
Dungeon (6/15)             Temple (0/1) D:6

Altars:
Cheibriados
Fedhas
Hepliaklqana
Kikubaaqudgha
Makhleb
Vehumet
Wu Jian
Yredelemnul


Innate Abilities, Weirdness & Mutations

You are too large for most types of armour.
You have tough skin. (AC +1)
You can translocate small distances at will.
Your mind is acute. (Int +2)
You are strong-willed. (Will+)


Message History

The leopard gecko bites you but does no damage.
The leopard gecko closely misses you.
The orc priest looks braver for a moment.
You sock the leopard gecko!
You kill the leopard gecko!
The orc priest mumbles some strange prayers to Beogh against you.
Beogh smites you!
You completely miss the orc priest.
The orc priest hits you with a +0 flail.
* * * LOW HITPOINT WARNING * * *
You closely miss the orc priest.
The orc priest looks satisfied for a moment.
The orc priest calls down the wrath of Beogh upon you.
Beogh smites you!
* * * LOW HITPOINT WARNING * * *
Okay, then.
You closely miss the orc priest.
The orc priest calls down the wrath of Beogh upon you.
Beogh smites you!
You die...

....>............#......>.#
...P.P...........#........#
.................#.....?)..
...#########.#####........#
.....####...... .........#
..........##.#####........#####
...........(..................#
#####..........###......<.#
##..........@o.........l.#
.........##.####........#.....
#.............. .......... ....
##..#.....##.######.##....( .##
...........#.# ........... #
.............. ..#####....(.
........?..... ## #......#
....... ##.


You could see an orc priest.

Vanquished Creatures
  A phantom (D:5)
  3 ogres
  A scorpion (D:4)
  A hound (D:4)
  A quasit (D:5)
  5 orc wizards
  A centaur skeleton (D:4)
  A bullfrog skeleton (D:4)
  4 worker ants
  A worker ant zombie (D:5)
  A gnoll (D:1)
  7 adders
  A white imp (D:5)
  3 oozes
  An adder skeleton (D:5)
  A worm (D:2)
  2 dart slugs
  5 leopard geckos
  12 orcs
  10 giant cockroaches
  8 goblins
  5 hobgoblins
  7 jackals
  10 kobolds
  A quokka (D:3)
  2 ball pythons
  A ball python skeleton (D:5)
  7 bats
  7 frilled lizards
  A jackal zombie (D:2)
  A quokka skeleton (D:5)
  8 rats
120 creatures vanquished.

Notes
Turn   | Place    | Note
-------+----------+-------------------------------------------
     0 | D:1      | Tocho the Ogre Air Elementalist began the quest for the
                  | Orb.
     0 | D:1      | Reached XP level 1. HP: 16/16 MP: 3/3
   134 | D:1      | Reached skill level 1 in Fighting
   172 | D:1      | Reached XP level 2. HP: 16/27 MP: 1/5
   613 | D:1      | Reached skill level 1 in Conjurations
   684 | D:1      | Reached XP level 3. HP: 31/33 MP: 0/7
  1707 | D:2      | Learned a level 2 spell: Swiftness
  1711 | D:2      | Learned a level 3 spell: Static Discharge
  1866 | D:2      | Reached skill level 3 in Spellcasting
  1866 | D:2      | Reached XP level 4. HP: 42/42 MP: 4/8
  3051 | D:3      | Learned a level 2 spell: Blink
  3873 | D:3      | Reached XP level 5. HP: 50/50 MP: 7/9
  4605 | D:4      | Found a burning altar of Makhleb.
  4611 | D:4      | Reached XP level 6. HP: 61/61 MP: 5/11
  4785 | D:4      | Reached skill level 4 in Spellcasting
  4790 | D:4      | Gained mutation: You can translocate small distances at
                  | will. [potion of mutation]
  4790 | D:4      | Gained mutation: You are strong-willed. (Will+) [potion of
                  | mutation]
  4790 | D:4      | Gained mutation: Your mind is acute. (Int +2) [potion of
                  | mutation]
  5158 | D:4      | Found a basalt altar of Yredelemnul.
  5162 | D:4      | Found a snail-covered altar of Cheibriados.
  5167 | D:4      | Found a blossoming altar of Fedhas.
  5391 | D:4      | Learned a level 4 spell: Summon Lightning Spire
  5400 | D:5      | Entered Level 5 of the Dungeon
  5746 | D:5      | Found an ancient bone altar of Kikubaaqudgha.
  5825 | D:5      | Reached skill level 1 in Maces & Flails
  5825 | D:5      | Reached XP level 7. HP: 68/68 MP: 8/13
  6204 | D:5      | Found a hazy altar of Hepliaklqana.
  6412 | D:5      | Reached skill level 5 in Spellcasting
  7436 | D:5      | Reached XP level 8. HP: 56/79 MP: 2/15
  7553 | D:5      | Found the +9 heavy crossbow "Sniper" {vorpal, Acc+∞ SInv}
  7745 | D:5      | Found a radiant altar of Vehumet.
  7745 | D:5      | Found an ornate altar of the Wu Jian Council.
  9180 | D:6      | Found a staircase to the Ecumenical Temple.
  9244 | D:6      | Killed from afar by an orc priest

Illustrated notes

Levels and vault maps discovered:
D:1:      psy_arrival_whirlpool, layout_loops_ring
D:2:      layout_basic, grunt_ministairs_5, minmay_indecisive_spiral
D:3:      layout_basic
D:4:      layout_basic, grunt_temple_overflow_diamond, makhleb_heckhound_becter
D:5:      layout_basic, nzn_hepliaklqana_mist_gate, kiku_gazebo_garden_becter,
          amethyst_overflow_temple_binary, eino_tiny_chamber, st_stairs_9,
          minivault_1
D:6:      layout_rooms, minmay_temple_entry_trees, kb_xom_exploding_sheep

Skill      XL: |  1  2  3  4  5  6  7 |
---------------+----------------------+-----
Fighting       | 1 2 3 4 |  4.9
Air Magic      | 3 4 |  4.8
Conjurations   | 1 2 3 |  3.3
Dodging        | 2 |  2.9
Spellcasting   | 3 4 5 |  5.2
Maces & Flails | 1 2 |  2.1
Stealth        | |  1.4
Unarmed Combat | |  0.1
Translocations | |  0.3

Action                   |  1- 3 |  4- 6 |  7- 9 || total
-------------------------+-------+-------+-------++-------
Melee: Unarmed           |    23 |    26 |       ||    49
       Hand axe          |       |    25 |       ||    25
       Flail             |       |    55 |     3 ||    58
       Giant spiked club |       |       |    80 ||    80
       Giant club        |       |       |     1 ||     1
 Fire: Heavy crossbow    |       |       |     2 ||     2
 Cast: Shock             |    68 |   139 |    45 ||   252
       Static Discharge  |       |    12 |     9 ||    21
       Blink             |       |       |     2 ||     2
 Abil: Blink             |       |     1 |       ||     1
  Use: Scroll            |     5 |     4 |       ||     9
       Potion            |       |     1 |       ||     1
Armor: Robe              |    19 |    51 |    85 ||   155
Dodge: Dodged            |    28 |    74 |   110 ||   212
       Repelled          |       |     1 |     2 ||     3
